| TOP OF THE 1ST |
|
Louisville Stallions batting - Pitching for Rochester Red Wings : RHP Nelson Sanchez
|
|
Pitching: RHP Nelson Sanchez
|
|
|
Batting: SHB Harry Chappas
|
0-0: Called Strike 0-1: Ball 1-1: Swinging Strike 1-2: Ground out 6-3 (Groundball, 6, EV 81.9 MPH)
|
|
Batting: SHB Gerald DeSimone
|
0-0: Called Strike 0-1: Ball 1-1: Ball 2-1: Foul Ball, location: 2F 2-2: Fly out, F9 (Flyball, 89D, EV 86.3 MPH)
|
|
Batting: LHB Ted May
|
0-0: Called Strike 0-1: SINGLE (Flyball, 6D, EV 95.0 MPH)
|
|
Batting: RHB Tito Landrum
|
0-0: Called Strike 0-1: Called Strike 0-2: Fly out, F8 (Flyball, 8RS, EV 93.8 MPH)
|
| Top of the 1st over - 0 runs, 1 hit, 0 errors, 1 left on base; Louisville 0 - Rochester 0 |
| BOTTOM OF THE 1ST |
|
Rochester Red Wings batting - Pitching for Louisville Stallions : RHP Sal Velazquez
|
|
Pitching: RHP Sal Velazquez
|
|
|
Batting: RHB Johnnie LeMaster
|
0-0: Ground out 5-3 (Groundball, 56S, EV 86.3 MPH)
|
|
Batting: LHB Ed Amelung
|
0-0: Fly out, F7 (Flyball, 7S, EV 85.0 MPH)
|
|
Batting: SHB Jordan Ayala
|
0-0: Called Strike 0-1: Called Strike 0-2: Fly out, F8 (Flyball, 8LS, EV 90.0 MPH)
|
| Bottom of the 1st over - 0 runs, 0 hits, 0 errors, 0 left on base; Louisville 0 - Rochester 0 |
| TOP OF THE 2ND |
|
Louisville Stallions batting - Pitching for Rochester Red Wings : RHP Nelson Sanchez
|
|
Batting: SHB Orestes Destrade
|
0-0: Called Strike 0-1: Ball 1-1: Foul Ball, location: 2F 1-2: Ball 2-2: DOUBLE (Flyball, 8RXD, EV 91.3 MPH)
|
|
Batting: LHB Lawrence Grahek
|
0-0: Ground out U3 (Groundball, 3L, EV 80.6 MPH) Orestes Destrade to third
|
|
Batting: LHB Mauricio Gracia
|
0-0: Ball 1-0: Ball 2-0: Called Strike 2-1: Ball 3-1: Foul Ball, location: 2F 3-2: Foul Ball, location: 2F 3-2: SINGLE (Line Drive, 78S, EV 107.5 MPH) Orestes Destrade scores
|
|
Batting: LHB Steven Mobberley
|
0-0: Called Strike Mauricio Gracia steals 2nd base 0-1: Called Strike 0-2: Ball 1-2: Fly out, F9 (Flyball, 89D, EV 99.4 MPH) Runner from 2nd tags up, SAFE at 3rd, no throw by RF
|
|
Batting: LHB Joe Lefebvre
|
0-0: Ground out 4-3 (Groundball, 4, EV 98.8 MPH)
|
| Top of the 2nd over - 1 run, 2 hits, 0 errors, 1 left on base; Louisville 1 - Rochester 0 |
| BOTTOM OF THE 2ND |
|
Rochester Red Wings batting - Pitching for Louisville Stallions : RHP Sal Velazquez
|
|
Batting: RHB Gerry Davis
|
0-0: Ball 1-0: Foul Ball, location: 2F 1-1: Called Strike 1-2: SINGLE (Flyball, 8LS, EV 98.8 MPH)
|
|
Batting: RHB Joe Carter
|
0-0: Fly out, F8 (Flyball, 89M, EV 88.1 MPH)
|
|
Batting: RHB Chris Johnston
|
0-0: Called Strike 0-1: Ball 1-1: Fly out, F9 (Line Drive, 9, EV 86.9 MPH)
|
|
Batting: LHB Dave Falcone
|
0-0: Ball 1-0: Ball 2-0: Fly out, F7 (Flyball, 7LM, EV 91.9 MPH)
|
| Bottom of the 2nd over - 0 runs, 1 hit, 0 errors, 1 left on base; Louisville 1 - Rochester 0 |
| TOP OF THE 3RD |
|
Louisville Stallions batting - Pitching for Rochester Red Wings : RHP Nelson Sanchez
|
|
Batting: SHB Harry Chappas
|
0-0: Ground out 3-1 (Groundball, 3S, EV 65.0 MPH)
|
|
Batting: SHB Gerald DeSimone
|
0-0: Called Strike 0-1: Foul Ball, location: 2F 0-2: Ball 1-2: Ball 2-2: Foul Ball, location: 2F 2-2: Ground out 3-1 (Groundball, 34S, EV 70.6 MPH)
|
|
Batting: LHB Ted May
|
0-0: Ball 1-0: Called Strike 1-1: Swinging Strike 1-2: Foul Ball, location: 2F 1-2: Ball 2-2: Ball 3-2: Fly out, F7 (Flyball, 7LS, EV 96.3 MPH)
|
| Top of the 3rd over - 0 runs, 0 hits, 0 errors, 0 left on base; Louisville 1 - Rochester 0 |
| BOTTOM OF THE 3RD |
|
Rochester Red Wings batting - Pitching for Louisville Stallions : RHP Sal Velazquez
|
|
Batting: RHB Tom Brookens
|
0-0: Called Strike 0-1: Ball 1-1: Fly out, F6 (Flyball, 5D, EV 91.9 MPH)
|
|
Batting: RHB Jerry Dybzinski
|
0-0: Foul Ball, location: 2F 0-1: Ground out 4-3 (Groundball, 4, EV 106.3 MPH)
|
|
Batting: RHB Johnnie LeMaster
|
0-0: Ball 1-0: Fly out, F8 (Flyball, 89D, EV 80.6 MPH)
|
| Bottom of the 3rd over - 0 runs, 0 hits, 0 errors, 0 left on base; Louisville 1 - Rochester 0 |
| TOP OF THE 4TH |
|
Louisville Stallions batting - Pitching for Rochester Red Wings : RHP Nelson Sanchez
|
|
Batting: RHB Tito Landrum
|
0-0: Fly out, F6 (Line Drive, 6, EV 67.5 MPH)
|
|
Batting: SHB Orestes Destrade
|
0-0: Ball 1-0: SINGLE (Line Drive, 7S, EV 95.6 MPH)
|
|
Batting: LHB Lawrence Grahek
|
0-0: Ball 1-0: Ball 2-0: Foul Ball, location: 2F 2-1: Foul Ball, location: 2F 2-2: Fly out, F6 (Popup, 6M, EV 70.0 MPH)
|
|
Batting: LHB Mauricio Gracia
|
0-0: Ball 1-0: Called Strike 1-1: Fly out, F8 (Flyball, 8LS, EV 88.1 MPH)
|
| Top of the 4th over - 0 runs, 1 hit, 0 errors, 1 left on base; Louisville 1 - Rochester 0 |
| BOTTOM OF THE 4TH |
|
Rochester Red Wings batting - Pitching for Louisville Stallions : RHP Sal Velazquez
|
|
Batting: LHB Ed Amelung
|
0-0: Ball 1-0: Called Strike 1-1: Foul Ball, location: 2F 1-2: Strikes out swinging
|
|
Batting: SHB Jordan Ayala
|
0-0: Ball 1-0: Called Strike 1-1: SINGLE (Groundball, 6MS, EV 61.9 MPH) (infield hit)
|
|
Batting: RHB Gerry Davis
|
0-0: Called Strike 0-1: Ball 1-1: Ball 2-1: Foul Ball, location: 2F 2-2: Foul Ball, location: 2F 2-2: Ball 3-2: Fly out, F7 (Line Drive, 7, EV 93.1 MPH)
|
|
Batting: RHB Joe Carter
|
0-0: Ball Jordan Ayala steals 2nd base 1-0: Swinging Strike 1-1: SINGLE (Groundball, 4MD, EV 100.0 MPH) Jordan Ayala to third Runner from 3rd tries for Home, SAFE, throw by CF to home
|
|
Batting: RHB Chris Johnston
|
0-0: Foul Ball, location: 2F 0-1: Foul Ball, location: 2F 0-2: Fly out, F9 (Flyball, 9LM, EV 86.3 MPH)
|
| Bottom of the 4th over - 1 run, 2 hits, 0 errors, 1 left on base; Louisville 1 - Rochester 1 |
| TOP OF THE 5TH |
|
Louisville Stallions batting - Pitching for Rochester Red Wings : RHP Nelson Sanchez
|
|
Batting: LHB Steven Mobberley
|
0-0: Swinging Strike 0-1: SINGLE (Groundball, 4MD, EV 101.9 MPH)
|
|
Batting: LHB Joe Lefebvre
|
0-0: Swinging Strike 0-1: Ball 1-1: Ball 2-1: Foul Ball, location: 2F 2-2: Grounds into double play, 4-6-3 (Groundball, 4M, EV 85.0 MPH)
|
|
Batting: SHB Harry Chappas
|
0-0: Ground out 3-1 (Groundball, 34, EV 80.6 MPH)
|
| Top of the 5th over - 0 runs, 1 hit, 0 errors, 0 left on base; Louisville 1 - Rochester 1 |
| BOTTOM OF THE 5TH |
|
Rochester Red Wings batting - Pitching for Louisville Stallions : RHP Sal Velazquez
|
|
Batting: LHB Dave Falcone
|
0-0: Ball 1-0: Ball 2-0: Fly out, F8 (Flyball, 8RM, EV 79.4 MPH)
|
|
Batting: RHB Tom Brookens
|
0-0: Ball 1-0: Ground out 6-3 (Groundball, 6, EV 81.3 MPH)
|
|
Batting: RHB Jerry Dybzinski
|
0-0: Ground out U3 (Groundball, 34, EV 84.4 MPH)
|
| Bottom of the 5th over - 0 runs, 0 hits, 0 errors, 0 left on base; Louisville 1 - Rochester 1 |
| TOP OF THE 6TH |
|
Louisville Stallions batting - Pitching for Rochester Red Wings : RHP Nelson Sanchez
|
|
Batting: SHB Gerald DeSimone
|
0-0: Fly out, F6 (Flyball, 6D, EV 91.9 MPH)
|
|
Batting: LHB Ted May
|
0-0: Called Strike 0-1: Foul Ball, location: 2F 0-2: Foul Ball, location: 2F 0-2: Ball 1-2: Strikes out swinging, 2-3 out at first.
|
|
Batting: RHB Tito Landrum
|
0-0: Swinging Strike 0-1: Called Strike 0-2: Ball 1-2: SINGLE (Groundball, 25, EV 61.9 MPH) (infield hit)
|
|
Batting: SHB Orestes Destrade
|
0-0: Ball 1-0: Called Strike 1-1: Ball 2-1: Fly out, F4 (Popup, 4, EV 50.6 MPH)
|
| Top of the 6th over - 0 runs, 1 hit, 0 errors, 1 left on base; Louisville 1 - Rochester 1 |
| BOTTOM OF THE 6TH |
|
Rochester Red Wings batting - Pitching for Louisville Stallions : RHP Sal Velazquez
|
|
Batting: RHB Johnnie LeMaster
|
0-0: Ground out 4-3 (Groundball, 4, EV 102.5 MPH)
|
|
Batting: LHB Ed Amelung
|
0-0: Ball 1-0: Ball 2-0: Fly out, F7 (Flyball, 78D, EV 88.1 MPH)
|
|
Batting: SHB Jordan Ayala
|
0-0: Called Strike 0-1: Ball 1-1: Ball 2-1: SINGLE (Groundball, 3D, EV 101.3 MPH)
|
|
Batting: RHB Gerry Davis
|
0-0: Ball 1-0: Ball Jordan Ayala steals 2nd base 2-0: Ball 3-0: Foul Ball, location: 2F 3-1: Called Strike 3-2: Foul Ball, location: 2F 3-2: Strikes out swinging
|
| Bottom of the 6th over - 0 runs, 1 hit, 0 errors, 1 left on base; Louisville 1 - Rochester 1 |
| TOP OF THE 7TH |
|
Louisville Stallions batting - Pitching for Rochester Red Wings : RHP Nelson Sanchez
|
|
Batting: LHB Lawrence Grahek
|
0-0: Ball 1-0: Called Strike 1-1: Called Strike 1-2: Ball 2-2: Ball 3-2: Foul Ball, location: 2F 3-2: Foul Ball, location: 2F 3-2: Strikes out swinging
|
|
Batting: LHB Mauricio Gracia
|
0-0: Ball 1-0: Ball 2-0: Ball 3-0: Ground out 3-1 (Groundball, 34, EV 77.5 MPH)
|
|
Batting: LHB Steven Mobberley
|
0-0: Ball 1-0: Foul Ball, location: 2F 1-1: Ground out 6-3 (Groundball, 6D, EV 98.8 MPH)
|
| Top of the 7th over - 0 runs, 0 hits, 0 errors, 0 left on base; Louisville 1 - Rochester 1 |
| BOTTOM OF THE 7TH |
|
Rochester Red Wings batting - Pitching for Louisville Stallions : RHP Sal Velazquez
|
|
Batting: RHB Joe Carter
|
0-0: Fly out, F4 (Flyball, 34D, EV 90.0 MPH)
|
|
Batting: RHB Chris Johnston
|
0-0: Foul Ball, location: 2F 0-1: Foul Ball, location: 2F 0-2: SINGLE (Line Drive, 4D, EV 98.8 MPH)
|
|
Batting: LHB Dave Falcone
|
0-0: Ball 1-0: Ball 2-0: Called Strike 2-1: Grounds out, U3 (Groundball, 3L, EV 106.9 MPH)
|
|
Batting: RHB Tom Brookens
|
0-0: Ball 1-0: Foul Ball, location: 2F 1-1: Ball 2-1: Ground out 1-3 (Groundball, P, EV 70.0 MPH)
|
| Bottom of the 7th over - 0 runs, 1 hit, 0 errors, 1 left on base; Louisville 1 - Rochester 1 |
| TOP OF THE 8TH |
|
Louisville Stallions batting - Pitching for Rochester Red Wings : RHP Nelson Sanchez
|
|
Batting: LHB Joe Lefebvre
|
0-0: Swinging Strike 0-1: Swinging Strike 0-2: Ball 1-2: Strikes out swinging, 2-3 out at first.
|
|
Batting: SHB Harry Chappas
|
0-0: Ball 1-0: Called Strike 1-1: Swinging Strike 1-2: Ball 2-2: Ball 3-2: Base on Balls
|
|
Batting: SHB Gerald DeSimone
|
0-0: Sac Bunt to 15S - play at first, batter OUT! 1-4 Harry Chappas to second
|
|
Batting: LHB Ted May
|
0-0: Intentional Walk
|
|
Batting: RHB Tito Landrum
|
0-0: Ball 1-0: Ground out 4-3 (Groundball, 4, EV 101.9 MPH)
|
| Top of the 8th over - 0 runs, 0 hits, 0 errors, 2 left on base; Louisville 1 - Rochester 1 |
| BOTTOM OF THE 8TH |
|
Rochester Red Wings batting - Pitching for Louisville Stallions : RHP Sal Velazquez
|
|
Pitching: RHP Al Gallegos
|
|
|
Batting: RHB Jerry Dybzinski
|
0-0: Called Strike 0-1: Called Strike 0-2: Ball 1-2: Ball 2-2: Foul Ball, location: 2F 2-2: Fly out, F7 (Flyball, 7, EV 86.9 MPH)
|
|
Batting: RHB Johnnie LeMaster
|
0-0: Ball 1-0: Ground out 6-3 (Groundball, 6, EV 92.5 MPH)
|
|
Batting: LHB Ed Amelung
|
0-0: Called Strike 0-1: Ball 1-1: Reached on error, E4 (Groundball, 4S, EV 86.9 MPH)
|
|
Batting: SHB Jordan Ayala
|
0-0: Swinging Strike 0-1: Called Strike Ed Amelung steals 2nd base (no throw) 0-2: Ball 1-2: Ball 2-2: Ball 3-2: Base on Balls
|
|
Batting: RHB Gerry Davis
|
0-0: Ball 1-0: Swinging Strike 1-1: Swinging Strike 1-2: Ball 2-2: Strikes out swinging
|
| Bottom of the 8th over - 0 runs, 0 hits, 1 error, 2 left on base; Louisville 1 - Rochester 1 |
| TOP OF THE 9TH |
|
Louisville Stallions batting - Pitching for Rochester Red Wings : RHP Nelson Sanchez
|
|
Pitching: LHP Ray Searage
|
|
|
Batting: SHB Orestes Destrade
|
0-0: Ball 1-0: Ground out 6-3 (Groundball, 6, EV 75.6 MPH)
|
|
Batting: RHB Stephen Dembowski
|
0-0: Ball 1-0: Ball 2-0: Foul Ball, location: 2F 2-1: Fly out, F9 (Flyball, 89D, EV 101.3 MPH)
|
|
Batting: LHB Mauricio Gracia
|
0-0: Ball 1-0: Called Strike 1-1: SINGLE (Groundball, 3S, EV 76.3 MPH) (infield hit)
|
|
Batting: LHB Steven Mobberley
|
0-0: Called Strike Mauricio Gracia steals 2nd base 0-1: Ball 1-1: Called Strike 1-2: DOUBLE (Line Drive, 8RXD, EV 105.0 MPH) Mauricio Gracia scores
|
|
Batting: LHB Joe Lefebvre
|
0-0: Ball 1-0: Foul Ball, location: 2F 1-1: Ball 2-1: Swinging Strike 2-2: Ball 3-2: Strikes out looking
|
| Top of the 9th over - 1 run, 2 hits, 0 errors, 1 left on base; Louisville 2 - Rochester 1 |
| BOTTOM OF THE 9TH |
|
Rochester Red Wings batting - Pitching for Louisville Stallions : RHP Al Gallegos
|
|
Now at 2B: Kiko Garcia
|
|
|
Now in LF: Gordy Hodgson
|
|
|
Batting: RHB Joe Carter
|
0-0: Foul Ball, location: 2F 0-1: Ball 1-1: Ball 2-1: Fly out, F4 (Popup, 4S, EV 74.4 MPH)
|
|
Batting: RHB Chris Johnston
|
0-0: Called Strike 0-1: Foul Ball, location: 2F 0-2: Ball 1-2: Strikes out swinging
|
|
Batting: LHB Dave Falcone
|
0-0: Ball 1-0: Ball 2-0: Ball 3-0: Called Strike 3-1: Base on Balls
|
|
Pinch Runner at 1st Mario Delgado:
|
|
|
Pinch Hitting: RHB Pat Casey
|
0-0: Called Strike 0-1: Swinging Strike 0-2: Strikes out swinging
|
| Bottom of the 9th over - 0 runs, 0 hits, 0 errors, 1 left on base; Louisville 2 - Rochester 1 |
|